 Dungeon Crawl Stone Soup version 0.23-a0-470-g6f7cfd9 (webtiles) character file.

91 mopl the Chopper (level 4, -6/35 HPs)
             Began as a Demonspawn Fighter on Nov 26, 2018.
             Mangled by a gnoll
             ... wielding a +0 halberd
              (12 damage)
             ... on level 2 of the Dungeon.
             The game lasted 00:01:39 (1532 turns).

mopl the Chopper (Demonspawn Fighter)               Turns: 1532, Time: 00:01:39

Health: -6/35      AC: 10    Str: 18    XL:     4   Next: 33%
Magic:  4/4        EV:  7    Int:  9    God:
Gold:   96         SH:  8    Dex: 12    Spells: 3/3 levels left

rFire    . . .     SeeInvis .   a - +0 war axe
rCold    . . .     Gourm    .   c - +0 shield
rNeg     . . .     Faith    .   b - +0 scale mail
rPois    .         Spirit   .   p - +1 helmet
rElec    .         Reflect  .   (no cloak)
rCorr    .         Harm     +   (no gloves)
MR       .....                  (no boots)
Stlth    ..........             k - amulet of harm
HPRegen  0.11/turn              (no ring)
MPRegen  0.09/turn              (no ring)

@: no status effects
A: slimy green scales 1
a: no special abilities


You were on level 2 of the Dungeon.
You were not hungry.

You visited 1 branch of the dungeon, and saw 2 of its levels.

You collected 96 gold pieces.

Inventory:

Hand Weapons
 a - a +0 war axe (weapon)
 s - a +0 blowgun
Missiles
 l - 9 poisoned needles
Armour
 b - a +0 scale mail (worn)
 c - a +0 shield (worn)
 p - a +1 helmet (worn)
Jewellery
 k - an amulet of harm (around neck)
Scrolls
 e - 2 scrolls of identify {unknown}
 g - 2 scrolls of magic mapping {unknown}
 h - 2 scrolls of fog {unknown}
 i - 5 scrolls of remove curse {unknown}
 m - a scroll of teleportation {unknown}
 n - a scroll of blinking {unknown}
 r - a scroll of enchant weapon {unknown}
Potions
 d - a potion of might
 j - a potion of brilliance {unknown}
 o - a potion of mutation {unknown}
 t - a potion of ambrosia {unknown}
Comestibles
 f - 4 rations
 q - a chunk of flesh


   Skills:
 - Level 3.0 Fighting
 + Level 4.2 Axes
 - Level 2.6 Armour
 - Level 2.6 Shields


You had 3 spell levels left.
You didn't know any spells.
Your spell library was empty.

Dungeon Overview and Level Annotations

Branches:
Dungeon (2/15)

Altars:
Zin


Innate Abilities, Weirdness & Mutations

You are partially covered in slimy green scales. (AC +2)


Message History

The jackal bites you.
* * * LOW HITPOINT WARNING * * *
You barely miss the jackal.
The jackal is moderately wounded.
The jackal bites you but does no damage.
You block the gnoll's attack. The jackal closely misses you.
You closely miss the jackal.
The jackal is moderately wounded.
The jackal bites you but does no damage.
The gnoll closely misses you. You block the jackal's attack.
Unknown command.
You closely miss the jackal.
The jackal is moderately wounded.
The gnoll closely misses you. You block the jackal's attack.
Unknown command.
You closely miss the jackal.
The jackal is moderately wounded.
The jackal barely misses you.
The gnoll hits you from afar with a +0 halberd!
You die...

#.# #.# #.# #####.# #.#
#.....#
.#.###.######.######
.....................
###.###.######.######
.h...................
#########.######.######
#..gg.@h..# #.#
#.######### #.#
##############.#
#..............#
#.############## #.#
#.# #)# #.#


You could see 2 gnolls and a jackal.

Vanquished Creatures
  A gnoll (D:2)
  3 adders (D:2)
  A worm (D:2)
  A dart slug (D:1)
  5 bats
  4 giant cockroaches (D:1)
  7 goblins
  5 hobgoblins
  4 jackals
  4 frilled lizards (D:1)
  8 kobolds
  4 rats
47 creatures vanquished.

Notes
Turn   | Place    | Note
-------+----------+-------------------------------------------
     0 | D:1      | mopl the Demonspawn Fighter began the quest for the Orb.
     0 | D:1      | Reached XP level 1. HP: 18/18 MP: 1/1
   133 | D:1      | Reached skill level 2 in Axes
   408 | D:1      | Gained mutation: You are partially covered in slimy green
                  | scales. (AC +2) [demonic ancestry]
   408 | D:1      | Reached XP level 2. HP: 24/24 MP: 2/2
   619 | D:1      | Reached skill level 3 in Axes
   782 | D:1      | Reached XP level 3. HP: 28/29 MP: 3/3
  1310 | D:2      | Reached XP level 4. HP: 35/35 MP: 4/4
  1363 | D:2      | Reached skill level 4 in Axes
  1453 | D:2      | Found a glowing silver altar of Zin.
  1532 | D:2      | Mangled by a gnoll

Vault maps used:
D:1:      nagdon_arrival_zigzag_paths
D:2:      overflow_temple_1_default

Skill      XL: |  1  2  3  4 |
---------------+-------------+-----
Axes           | 2 3 4 |  4.2
Fighting       | |  3.0
Armour         | |  2.6
Shields        | |  2.6

Action                   |  1- 3 |  4- 6 || total
-------------------------+-------+-------++-------
Melee: War axe           |   115 |    21 ||   136
  Eat: Chunk             |     1 |     1 ||     2
Armor: Scale mail        |    54 |     6 ||    60
Dodge: Dodged            |    30 |    12 ||    42
Block: Shield            |    65 |    20 ||    85

Table legend:
 A = Non-vault XP
 B = Vault XP
 C = Vault XP percentage of total XP
 D = Non-vault monster count
 E = Vault monster count
 F = Vault count percentage of total count
                 A         B        C        D         E       F
            +---------+---------+-------+---------+---------+-------
      Total |     130 |       0 |   0.0 |      47 |       0 |   0.0
            +---------+---------+-------+---------+---------+-------
        D:1 |      46 |       0 |   0.0 |      28 |       0 |   0.0
        D:2 |      84 |       0 |   0.0 |      19 |       0 |   0.0
            +---------+---------+-------+---------+---------+-------
